 Dungeon Crawl Stone Soup version 0.31.0-11-ge490571c62 (webtiles) character file.

Game seed: 2635024629710196903

183 qw the Skirmisher (level 5, -1/29 HPs)
             Began as a Deep Elf Hunter on Feb 5, 2024.
             Slain by a hobgoblin (5 damage)
             ... led by Robin
             ... on level 3 of the Dungeon.
             The game lasted 00:01:00 (1918 turns).

qw the Skirmisher (Deep Elf Hunter)                 Turns: 1918, Time: 00:01:01

Health: -1/29      AC:  6    Str: 10    XL:     5   Next: 35%
Magic:  7/7        EV: 11    Int: 14    God:
Gold:   24         SH:  0    Dex: 18    Spells: 4/4 levels left

rFire   . . .        a - +0 shortbow
rCold   . . .        (shield currently unavailable)
rNeg    . . .        d - +0 ring mail
rPois   .            h - +0 helmet
rElec   .            (no cloak)
rCorr   .            (no gloves)
SInv    .            (no boots)
Will    .....        (no amulet)
Stlth   +            (no ring)
HPRegen 0.24/turn    (no ring)
MPRegen 0.10/turn

%: no passive effects
@: no status effects
A: no striking features
a: no special abilities


You were on level 3 of the Dungeon.
You visited 1 branch of the dungeon, and saw 3 of its levels.

You collected 69 gold pieces.
You spent 45 gold pieces at shops.


   Skills:
 - Level 1.5 Fighting
 + Level 8.9 Ranged Weapons
 - Level 2.4 Dodging
 - Level 1.2 Stealth


You had 4 spell levels left.
You didn't know any spells.
Your spell library was empty.

Inventory:

Hand Weapons
 a - a +0 shortbow (weapon)
Armour
 d - a +0 ring mail (worn)
 h - a +0 helmet (worn)
 j - a +1 cloak
 n - a +2 robe of fire resistance
 p - a +1 robe of willpower
Jewellery
 e - a ring of poison resistance
Scrolls
 i - a scroll of enchant armour {unknown}
 k - a scroll of summoning {unknown}
 l - a scroll of noise {unknown}
 o - a scroll of enchant weapon {unknown}
Potions
 b - a potion of mutation {unknown}
 c - a potion of curing
 f - a potion of degeneration {unknown}
 g - a potion of ambrosia {unknown}
 m - 2 potions of haste {unknown}

Dungeon Overview and Level Annotations

Branches:
Dungeon (3/15)

Altars:

Shops:
D:1 (   D:3 *

Annotations:
D:3 Robin


Message History

You shoot an arrow. The arrow closely misses the goblin.
The goblin hits you with a +0 club. The goblin completely misses you.
You shoot an arrow. The arrow closely misses the goblin.
The goblin barely misses you. The goblin hits you but does no damage.
You shoot an arrow. The arrow hits the goblin.
The goblin is severely wounded.
The goblin hits you with a +0 club. The goblin hits you but does no damage.
You shoot an arrow. The arrow closely misses the goblin.
The goblin hits you but does no damage. x2
You shoot an arrow. The arrow barely misses the goblin.
The goblin closely misses you. The goblin hits you with a +0 dagger.
You shoot an arrow. The arrow barely misses the goblin.
The goblin hits you with a +0 club. The goblin closely misses you.
You shoot an arrow. The arrow hits the goblin.
You kill the goblin!
Robin of the Strong Arm comes into view.
They are wielding a +0 falchion.
The goblin hits you but does no damage.
You shoot an arrow.
The arrow hits Robin but does no damage.
Robin says, "Feeling lonely?"
Robin closely misses you. The goblin barely misses you.
You shoot an arrow. The arrow barely misses Robin.
Robin closely misses you. The goblin hits you with a +0 club.
You shoot an arrow. The arrow barely misses Robin.
Robin hits you with a +0 falchion! The goblin closely misses you.
Robin hits you with a +0 falchion. The goblin hits you but does no damage.
You shoot an arrow. The arrow hits Robin.
Robin is moderately wounded.
Robin throws the goblin at you! The goblin hits you with a +0 club.
You shoot an arrow. The arrow hits Robin.
Robin is moderately wounded.
Robin's bangles clink loudly.
The goblin barely misses you.
You shoot an arrow. The arrow hits Robin.
Robin is heavily wounded.
Robin roars a battlecry!
The goblins go into a battle-frenzy!
A goblin comes into view. It is wielding a +0 dagger.
The hobgoblin hits you.
You die...

#.##.........#
#..'%........#
####.........#
#...).....####.
####'#.........
#.##.######.
#.##)# #.##g#
#)##@#
#.##ggg.....
#.##########


You could see Robin, a hobgoblin (strong) and 2 goblins.

Vanquished Creatures
  Jessica (D:3)
  4 gnolls (D:2)
  4 adders
  2 dart slugs
  2 ribbon worms
  An orc (D:2)
  7 ball pythons
  6 endoplasms
  5 giant cockroaches
  9 goblins
  3 hobgoblins
  3 jackals (D:2)
  6 kobolds
  5 quokkas
  5 bats
  A frilled lizard (D:3)
  8 rats
72 creatures vanquished.

Notes
Turn   | Place    | Note
-------+----------+-------------------------------------------
     0 | D:1      | qw the Deep Elf Hunter began the quest for the Orb.
     0 | D:1      | Reached XP level 1. HP: 12/12 MP: 3/3
     0 | D:1      | 0 ||| qw: Version: 0.3-a-160-g6735b56
     0 | D:1      | 0 ||| qw: Game counter: 6361
     0 | D:1      | 0 ||| qw: Melee chars always use a shield: true
     0 | D:1      | 0 ||| qw: God list: Okawaru
     0 | D:1      | 0 ||| qw: Allow faded altars: false
     0 | D:1      | 0 ||| qw: Do Orc after clearing Dungeon:15 true
     0 | D:1      | 0 ||| qw: Do second Lair branch before Depths: true
     0 | D:1      | 0 ||| qw: Lair rune preference: random
     0 | D:1      | 0 ||| qw: Goals: Normal
     0 | D:1      | 0 ||| PLANNING D:1-11
    33 | D:1      | Found Odixi's Weapon Boutique.
    43 | D:1      | 43 ||| SHOPLISTING +9 sling of Comol {heavy, Str+5 SInv}
                  | (694 gold, have 0).
    75 | D:1      | Reached skill level 6 in Ranged Weapons
    75 | D:1      | Reached XP level 2. HP: 16/16 MP: 4/4
   167 | D:1      | You fall into a shaft and drop 1 floor!
   168 | D:2      | 168 ||| UPGRADING to +0 ring mail.
   178 | D:2      | 178 ||| DROPPING +0 leather armour.
   179 | D:2      | 179 ||| UPGRADING to +0 helmet.
   184 | D:2      | 184 ||| READING scroll labelled AHIWEISYPN.
   185 | D:2      | 185 ||| DROPPING scroll of butterflies.
   541 | D:2      | Reached XP level 3. HP: 20/20 MP: 5/5
   697 | D:2      | Reached skill level 7 in Ranged Weapons
   923 | D:2      | Reached XP level 4. HP: 25/25 MP: 6/6
  1096 | D:2      | HP: 6/25 [poisoned by an adder]
  1217 | D:2      | Reached skill level 8 in Ranged Weapons
  1219 | D:2      | HP: 4/25 [gnoll/+0 spear (4)]
  1479 | D:2      | 1479 ||| DRINKING 2 coppery potions.
  1623 | D:3      | 1623 ||| FLEEEEING.
  1643 | D:3      | Found Tanlasol's Assorted Antiques.
  1656 | D:3      | 1656 ||| BUYING 2 brown potions (45 gold).
  1656 | D:3      | Bought 2 brown potions for 45 gold pieces
  1656 | D:3      | 1656 ||| SHOPLISTING amulet of Elemental Vulnerability
                  | {rPois rF-- rC-- AC+8} (957 gold, have 24).
  1656 | D:3      | 1656 ||| SHOPLISTING potion of curing (75 gold, have 24).
  1656 | D:3      | 1656 ||| SHOPLISTING scroll labelled GUYDWYUXKIO (25 gold,
                  | have 24).
  1656 | D:3      | 1656 ||| SHOPLISTING scroll labelled JACVITY HUANU (25
                  | gold, have 24).
  1656 | D:3      | 1656 ||| SHOPLISTING small copper ring (125 gold, have 24).
  1656 | D:3      | 1656 ||| SHOPLISTING thin bone amulet (125 gold, have 24).
  1687 | D:3      | Noticed Jessica
  1715 | D:3      | Killed Jessica
  1716 | D:3      | Reached XP level 5. HP: 25/29 MP: 7/7
  1912 | D:3      | Noticed Robin
  1915 | D:3      | HP: 6/29 [Robin/+0 falchion (6)]
  1918 | D:3      | Slain by a hobgoblin

Levels and vault maps discovered:
D:1:      onia_arrival_pyramid, layout_basic, serial_shops, shop
D:2:      layout_loops_corners
D:3:      layout_basic, serial_shops, shop, uniq_jessica, uniq_robin

Skill      XL: |  1  2  3  4 |
---------------+-------------+-----
Ranged Weapons | 6 7 8 |  8.9
Fighting       | |  1.5
Dodging        | |  2.4
Stealth        | |  1.2

Action                     |  1- 3 |  4- 6 || total
---------------------------+-------+-------++-------
   Fire: Shortbow          |   102 |   125 ||   227
    Use: Scroll            |     1 |       ||     1
         Potion            |       |     1 ||     1
 Armour: Ring mail         |    15 |    56 ||    71
         Leather armour    |     1 |       ||     1
  Dodge: Dodged            |    20 |    34 ||    54

Table legend:
 A = Non-vault XP
 B = Vault XP
 C = Vault XP percentage of total XP
 D = Non-vault monster count
 E = Vault monster count
 F = Vault count percentage of total count
                 A         B        C        D         E       F
            +---------+---------+-------+---------+---------+-------
      Total |     215 |      47 |  17.9 |      66 |       6 |   8.3
            +---------+---------+-------+---------+---------+-------
        D:1 |      37 |       0 |   0.0 |      22 |       0 |   0.0
        D:2 |     136 |       0 |   0.0 |      28 |       0 |   0.0
        D:3 |      42 |      47 |  52.8 |      16 |       6 |  27.3
            +---------+---------+-------+---------+---------+-------
